Cogmind - Beta 9.6 @@@ ROGUE MODE // 2020.06.26 @ 21:40:24 Player: Kenzurith Result: Destroyed by H-66 Slayer with Gauss Rifle Performance ------------- Evolutions (3) 1500 Regions Visited (12) 2400 Robots Destroyed (77) 385 Value Destroyed (1943) 1943 Prototype IDs (41) 820 Alien Tech Used (0) 0 Bonus (611) 611 TOTAL SCORE: 7659 Bonus ------- Follower Combat Kills 21 Aligned with FarCom 300 Met Data Miner 300 Friendly Fire -10 Cogmind --------- Core Integrity 0/700 Matter 195/300 Energy 100/100 System Corruption 16% Temperature Cool (0) Movement Core (1600) Ox31 Location -6/Proximity Caves Parts ------- > --- POWER (1) -------- (None) > --- PROPULSION (3) --- (None) > --- UTILITY (7) ------ High-capacity Storage Unit High-capacity Storage Unit High-capacity Storage Unit > --- WEAPON (2) ------- (None) > --- INVENTORY (28) --- Reinforced Deuterium Engine Improved Treads Improved Treads Improved Energy Well (491) High-capacity Matter Pod (200) Matter Compressor (0) Target Analyzer Particle Charger Hardened Light Armor Plating Hardened Light Armor Plating Reflective Plating Heavy Particle Gun Heavy Ion Cannon Heavy Ion Cannon Flak Gun Flak Gun Flak Gun Mini Grenade Launcher Makeshift Axe Peak State ------------ > --- POWER ------------ Antimatter Reactor > --- PROPULSION ------- Improved Treads Improved Treads Enhanced Flexi-carbon Leg > --- UTILITY ---------- Improved Cooling System High-capacity Storage Unit High-capacity Storage Unit High-capacity Storage Unit Signal Interpreter Makeshift Armor Plating Makeshift Armor Plating > --- WEAPON ----------- Heavy EM Shotgun Heavy EM Shotgun > --- INVENTORY -------- Reinforced Deuterium Engine Improved Treads Improved Treads Improved Energy Well High-capacity Matter Pod Matter Compressor Target Analyzer Particle Charger Hardened Light Armor Plating Hardened Light Armor Plating Reflective Plating Heavy Particle Gun Heavy Ion Cannon Heavy Ion Cannon Flak Gun Flak Gun Flak Gun Mini Grenade Launcher Makeshift Axe [Rating: 48] Favorites ----------- Power Reinforced Ion Engine Engine Reinforced Ion Engine Reactor Antimatter Reactor Propulsion Light Treads Treads Light Treads Leg Enhanced Flexi-carbon Leg Utility High-capacity Storage Unit Device Advanced Terrain Scanner Storage High-capacity Storage Unit Processor Signal Interpreter Hackware System Shield Protection Light Armor Plating Weapon Light Cannon Energy Gun Heavy EM Shotgun Energy Cannon Ion Cannon Ballistic Gun Assault Rifle Ballistic Cannon Light Cannon Launcher Grenade Launcher Slashing Weapon Makeshift Axe Build | -11 -10 -10 -9 -9 -9 -8 -8 -7 -7 -7 -7 -6 ------- Run | Scr Mat Min Mat Min Exi Min Mat Fac Low Low Dat Pro Slots Evolved 6 | . . . 2 . . . 2 2 . . . . Power . | . . . . . . . . . . . . . Propulsion 1 | . . . . . . . 1 . . . . . Utility 5 | . . . 2 . . . 1 2 . . . . Weapon . | . . . . . . . . . . . . . Parts Attached 103 | 6 13 . 13 6 . . 31 12 7 . . 15 Power 11 | 1 2 . 4 . . . 1 1 1 . . 1 Engine 10 | 1 2 . 4 . . . 1 1 1 . . . Core . | . . . . . . . . . . . . . Reactor 1 | . . . . . . . . . . . . 1 Propulsion 16 | 2 . . 2 1 . . 5 1 2 . . 3 Treads 15 | 2 . . 2 1 . . 5 1 2 . . 2 Leg 1 | . . . . . . . . . . . . 1 Wheel . | . . . . . . . . . . . . . Hover . | . . . . . . . . . . . . . Flight . | . . . . . . . . . . . . . Utility 32 | 1 7 . 4 4 . . 5 4 2 . . 5 Device 11 | . 4 . 1 1 . . . 2 1 . . 2 Storage 6 | 1 3 . . 1 . . . . . . . 1 Processor 4 | . . . 1 1 . . 1 1 . . . . Hackware 2 | . . . . . . . 2 . . . . . Protection 9 | . . . 2 1 . . 2 1 1 . . 2 Artifact . | . . . . . . . . . . . . . Weapon 44 | 2 4 . 3 1 . . 20 6 2 . . 6 Energy Gun 5 | . . . . . . . 2 1 . . . 2 Energy Cannon 1 | . . . . . . . . . . . . 1 Ballistic Gun 19 | 2 4 . 1 . . . 6 4 1 . . 1 Ballistic Cannon 10 | . . . 2 1 . . 6 . . . . 1 Launcher 2 | . . . . . . . . . 1 . . 1 Special Weapon . | . . . . . . . . . . . . . Impact Weapon . | . . . . . . . . . . . . . Slashing Weapon 7 | . . . . . . . 6 1 . . . . Piercing Weapon . | . . . . . . . . . . . . . Special Melee Weapon . | . . . . . . . . . . . . . Unidentified Prototypes 4 | . . . . . . . 2 . . . . 2 Parts Lost 25 | . 1 . 1 1 . . . . . . . 22 Power 2 | . . . . . . . . . . . . 2 Propulsion 7 | . . . 1 . . . . . . . . 6 Utility 8 | . . . . 1 . . . . . . . 7 Weapon 8 | . 1 . . . . . . . . . . 7 Highest Loss Streak 19 | . 1 . 1 1 . . . . . . . 19 Average Slot Usage (%) 98 | . 96 100 98 99 100 100 98 100 99 100 100 95 Engine 10 | . 14 14 11 11 11 11 9 7 6 7 7 6 Treads 24 | . 28 28 22 22 22 22 27 23 23 23 23 21 Device 2 | . 3 . 1 1 . . . 6 6 7 7 6 Storage 25 | . 20 28 22 24 33 33 27 23 23 23 23 23 Processor 5 | . . . 8 7 . . . 15 15 15 15 14 Hackware 3 | . . . . . . . 7 7 7 7 7 6 Protection 5 | . . . 11 11 11 11 9 . . . . . Ballistic Gun 12 | . 27 28 18 . . . 5 14 14 15 15 10 Ballistic Cannon 7 | . . . 3 22 22 22 10 . . . . 2 Naked Turns . | . . . . . . . . . . . . . Heaviest Build 122 | 12 73 73 83 115 115 115 119 118 118 115 115 122 Greatest Support 71 | 40 40 40 43 46 46 46 66 71 71 71 71 71 Greatest Overweight (x) 40 | . 1 1 3 2 2 2 1 1 1 1 1 40 Average Overweight (x) 1 | . . 1 1 1 2 2 1 1 1 1 1 1 Largest Inventory Capacity 28 | 6 20 20 20 28 28 28 28 28 28 28 28 28 Average Capacity 23 | 5 13 20 20 21 28 28 28 28 28 28 28 28 Most Carried 28 | 6 20 20 20 24 28 28 28 28 28 26 26 28 Average Carried 22 | 2 11 19 19 20 25 27 27 26 27 25 26 26 Final Capacity 28 | 6 20 20 20 28 28 28 28 28 28 28 28 28 Final Carried 28 | 6 20 20 20 24 28 28 28 28 25 26 26 19 Class Distribution -------------------- 92% | Hauler-Mutant 7% | Mutant Dominant Class ---------------- Hauler-Mutant | -10/Materials Hauler-Mutant | -10/Mines Hauler-Mutant | -9/Materials Hauler-Mutant | -9/Mines Hauler-Mutant | -9/Exiles Hauler-Mutant | -8/Mines Hauler-Mutant | -8/Materials Hauler-Mutant | -7/Factory Hauler-Mutant | -7/Lower Caves Hauler-Mutant | -7/Lower Caves Hauler-Mutant | -7/Data Miner Hauler-Mutant | -6/Proximity Caves Resources | -11 -10 -10 -9 -9 -9 -8 -8 -7 -7 -7 -7 -6 ----------- Run | Scr Mat Min Mat Min Exi Min Mat Fac Low Low Dat Pro Matter Collected 2441 | 231 373 84 332 231 . . 605 139 191 36 . 219 Remotely 109 | . 109 . . . . . . . . . . . Salvage Created 2805 | . 595 180 543 180 . 21 760 139 197 . . 190 Parts 147 | . 26 16 32 17 . 2 30 8 9 . . 7 Haulers Intercepted 4 | . 1 . . . . . 3 . . . . . Recyclers Shooed 1 | . 1 . . . . . . . . . . . Parts Field Recycled . | . . . . . . . . . . . . . Retrieved Matter . | . . . . . . . . . . . . . Parts Self-Destructed 6 | . . . . . . . . . 5 . . 1 Prevented 5 | . . . . . . . . . . . . 5 Kills | -11 -10 -10 -9 -9 -9 -8 -8 -7 -7 -7 -7 -6 ------- Run | Scr Mat Min Mat Min Exi Min Mat Fac Low Low Dat Pro Combat Hostiles Destroyed 55 | . 11 8 10 11 . . 5 2 5 . . 3 Guns 36 | . 11 8 10 . . . 1 1 3 . . 2 Cannons 15 | . . . . 11 . . 4 . . . . . AOE 3 | . . . . . . . . . 2 . . 1 Classes Destroyed 14 | . 6 . 2 . . . 1 2 2 . . 1 Worker 6 | . 1 . 1 . . 1 3 . . . . . Builder 1 | . . . . . . . 1 . . . . . Hauler 4 | . 1 . . . . . 3 . . . . . Recycler 6 | . 1 . . . . . 5 . . . . . Operator 1 | . . . . . . . . 1 . . . . Watcher 4 | . 1 . 2 . . . 1 . . . . . Swarmer 16 | . 3 6 . 7 . . . . . . . . Grunt 24 | . 8 2 6 3 . . 2 . 2 . . 1 Brawler 5 | . . . 2 1 . . . . 1 . . 1 Sentry 6 | . . . 2 . . . 3 1 . . . . Hunter 1 | . . . . . . . . 1 . . . . Behemoth 1 | . . . . . . . . . . . . 1 Master Thief 1 | . . . . . . . . . 1 . . . Mutant 1 | . . . . . . . . . 1 . . . Best Kill Streak 9 | . 3 3 9 4 . 1 4 1 3 . . 2 Combat Bots Only 6 | . 3 3 6 4 . . 2 1 3 . . 2 Max Kills in Single Turn 2 | . 1 2 1 1 . 1 2 1 2 . . 1 Gunslinging 1 | . . 1 . . . . . . . . . . Exploded 2 | . . . . . . . . . 2 . . 1 Melee . | . . . . . . . . . . . . . Uniques/NPCs Destroyed . | . . . . . . . . . . . . . Combat | -11 -10 -10 -9 -9 -9 -8 -8 -7 -7 -7 -7 -6 -------- Run | Scr Mat Min Mat Min Exi Min Mat Fac Low Low Dat Pro Damage Taken 5736 | . 501 68 491 254 . . 324 196 306 . . 3596 Core 921 | . 66 6 52 39 . . 54 7 49 . . 648 Absorbed by Shields . | . . . . . . . . . . . . . Core Remaining (%) 84 | 100 . 71 . . . 77 90 . . . . . Volleys Fired 219 | . 62 9 34 22 . . 37 9 24 . . 22 Largest 2 | . 2 2 2 2 . . 2 2 2 . . 2 Hottest 88 | . 40 40 55 70 . . 78 56 58 . . 88 Shots Fired 425 | . 124 18 68 44 . . 72 13 47 . . 39 Gun 303 | . 124 18 65 . . . 19 13 44 . . 20 Cannon 115 | . . . 3 44 . . 53 . . . . 15 Launcher 7 | . . . . . . . . . 3 . . 4 Special . | . . . . . . . . . . . . . Kinetic 405 | . 124 18 68 44 . . 72 8 44 . . 27 Thermal 5 | . . . . . . . . . . . . 5 Explosive 3 | . . . . . . . . . 3 . . . Electromagnetic 12 | . . . . . . . . 5 . . . 7 Robot Hit Streak 22 | . 15 6 14 12 . . 22 10 9 . . 11 Robot Miss Streak 6 | . 5 1 5 4 . . 6 5 6 . . 4 Penetration Max . | . . . . . . . . . . . . . Secondary Targets 5 | . 2 1 2 . . . . . . . . . Max Gunslinging Chain 1 | . 1 1 1 . . . . . . . . . Shots Hit Robots 307 | . 78 13 49 29 . . 57 11 35 . . 35 Core Hits 157 | . 31 9 22 12 . 1 32 12 26 . . 12 Critical Hits 3 | . . . . . . . 2 . 1 . . . Critical Kills 1 | . . . . . . . 1 . . . . . Critical Parts Destroyed 1 | . . . . . . . . . 1 . . . Melee Attacks 17 | . . . . . . . 16 1 . . . . Impact . | . . . . . . . . . . . . . Slashing 17 | . . . . . . . 16 1 . . . . Piercing . | . . . . . . . . . . . . . Sneak Attacks . | . . . . . . . . . . . . . Combat Hostiles . | . . . . . . . . . . . . . Follow-up Attacks . | . . . . . . . . . . . . . Damage Inflicted 5372 | . 899 161 645 490 . 11 1096 201 926 . . 943 Guns 3310 | . 878 161 613 . . . 295 201 762 . . 400 Cannons 1550 | . . . 32 490 . . 783 . . . . 245 Explosions 462 | . . . . . . . . . 164 . . 298 Melee . | . . . . . . . . . . . . . Ramming 50 | . 21 . . . . 11 18 . . . . . Kinetic 4568 | . 878 161 645 490 . . 1078 97 762 . . 457 Thermal 127 | . . . . . . . . . . . . 127 Explosive 164 | . . . . . . . . . 164 . . . Electromagnetic 463 | . . . . . . . . 104 . . . 359 Impact . | . . . . . . . . . . . . . Slashing . | . . . . . . . . . . . . . Piercing . | . . . . . . . . . . . . . Highest Corruption 16 | . . . . . . . 4 . . . . 16 Average Corruption 4 | . . . . . . . 4 . . . . 13 Corruption Purged . | . . . . . . . . . . . . . Effects 31 | . . . . . . . 28 . . . . 3 Message Errors 10 | . . . . . . . 10 . . . . . Matter Fused 5 | . . . . . . . 5 . . . . . Heat Flow Errors 6 | . . . . . . . 6 . . . . . Energy Discharges 4 | . . . . . . . 3 . . . . 1 Parts Rejected 1 | . . . . . . . 1 . . . . . Data Loss (minor) 2 | . . . . . . . 2 . . . . . Misfires 1 | . . . . . . . . . . . . 1 Targeting Errors 2 | . . . . . . . 1 . . . . 1 Overload Shots . | . . . . . . . . . . . . . Overflow Damage 4 | . . . . . . . . . . . . 4 Projectiles . | . . . . . . . . . . . . . Explosions 4 | . . . . . . . . . . . . 4 Melee . | . . . . . . . . . . . . . Knockbacks 7 | . . . . 2 . . 5 . . . . . Impact . | . . . . . . . . . . . . . Kinetic 7 | . . . . 2 . . 5 . . . . . Secondary . | . . . . . . . . . . . . . Self-Inflicted Damage 106 | . . . . . . . . . 24 . . 82 Shots 5 | . . . . . . . . . 1 . . 4 Rammed 9 | . 6 . . . . 1 2 . . . . . Targets Rammed 9 | . 6 . . . . 1 2 . . . . . Kicked . | . . . . . . . . . . . . . Crushed . | . . . . . . . . . . . . . Highest Temperature 196 | . 18 . 12 147 . . 195 50 20 . . 196 Average Temperature 45 | . 8 . 4 58 . . 46 26 9 . . 66 Received Heat Transfer 1498 | . 213 6 174 45 . . 63 24 157 . . 816 Siege Activations . | . . . . . . . . . . . . . Robots Corrupted 1 | . . . . . . . . 1 . . . . Combat Hostiles 1 | . . . . . . . . 1 . . . . Parts Fried 1 | . . . . . . . . 1 . . . . Impact Corruptions . | . . . . . . . . . . . . . Robots Melted . | . . . . . . . . . . . . . Combat Hostiles . | . . . . . . . . . . . . . Parts Melted . | . . . . . . . . . . . . . Heat Transferred 185 | . . . . . . . . . . . . 185 Parts Sabotaged . | . . . . . . . . . . . . . Parts Stolen 5 | . . . . . . . . . 4 . . 1 Parts Stripped . | . . . . . . . . . . . . . Power Chain Reactions . | . . . . . . . . . . . . . Missiles Intercepted . | . . . . . . . . . . . . . Alert | -11 -10 -10 -9 -9 -9 -8 -8 -7 -7 -7 -7 -6 ------- Run | Scr Mat Min Mat Min Exi Min Mat Fac Low Low Dat Pro Peak Influence 297 | . 177 143 297 232 . . 196 81 . . . . Average Influence 50 | . 61 19 141 46 . . 36 29 . . . . Maximum Alert Level 1 | . . . 1 1 . . . . . . . . Low Security (%) 97 | 100 100 100 81 98 . 100 100 100 . . . . Level 1 2 | . . . 18 1 . . . . . . . . Level 2 . | . . . . . . . . . . . . . Level 3 . | . . . . . . . . . . . . . Level 4 . | . . . . . . . . . . . . . Level 5 . | . . . . . . . . . . . . . High Security . | . . . . . . . . . . . . . Max Security . | . . . . . . . . . . . . . Squads Dispatched 11 | . 3 . 3 . . . 3 2 . . . . Investigation 2 | . 1 . . . . . 1 . . . . . Extermination 1 | . . . . . . . . 1 . . . . Reinforcement 6 | . 2 . 3 . . . . 1 . . . . Assault . | . . . . . . . . . . . . . Garrison 2 | . . . . . . . 2 . . . . . Intercept . | . . . . . . . . . . . . . Construction Impeded . | . . . . . . . . . . . . . Haulers Reinforced . | . . . . . . . . . . . . . Stealth | -11 -10 -10 -9 -9 -9 -8 -8 -7 -7 -7 -7 -6 --------- Run | Scr Mat Min Mat Min Exi Min Mat Fac Low Low Dat Pro Distress Signals 8 | . 4 1 . . . . 3 . . . . . Communications Jammed . | . . . . . . . . . . . . . Distress Signals . | . . . . . . . . . . . . . Times Spotted 112 | . 27 8 18 13 . . 18 5 9 . . 14 Peak Tracking Total 11 | . 4 3 7 4 . . 2 2 3 . . 11 Tactical Retreats 4 | . . . 1 1 . . 1 . . . . 1 Traps | -11 -10 -10 -9 -9 -9 -8 -8 -7 -7 -7 -7 -6 ------- Run | Scr Mat Min Mat Min Exi Min Mat Fac Low Low Dat Pro Traps Triggered 2 | . 1 . . . . . 1 . . . . . Indirectly . | . . . . . . . . . . . . . Trap Hack Attempts . | . . . . . . . . . . . . . Triggered . | . . . . . . . . . . . . . Disarmed . | . . . . . . . . . . . . . Reprogrammed . | . . . . . . . . . . . . . Reused . | . . . . . . . . . . . . . Traps Extracted . | . . . . . . . . . . . . . Installed . | . . . . . . . . . . . . . Triggered 1 | . . . . . . . . . 1 . . . Machines | -11 -10 -10 -9 -9 -9 -8 -8 -7 -7 -7 -7 -6 ---------- Run | Scr Mat Min Mat Min Exi Min Mat Fac Low Low Dat Pro Machines Disabled 2 | . . . . 1 . . . . 1 . . . Max in Single Turn 1 | . . . . 1 . . . . 1 . . . Machines Sabotaged . | . . . . . . . . . . . . . Garrisons Compromised . | . . . . . . . . . . . . . Overloaded Fab Kills . | . . . . . . . . . . . . . Fab Network Shutdowns . | . . . . . . . . . . . . . Hacking | -11 -10 -10 -9 -9 -9 -8 -8 -7 -7 -7 -7 -6 --------- Run | Scr Mat Min Mat Min Exi Min Mat Fac Low Low Dat Pro Machines Accessed 22 | . 3 . 5 1 1 . 4 4 . . 4 . Terminals 15 | . 3 . 4 1 . . 3 4 . . . . Fabricators . | . . . . . . . . . . . . . Repair Stations . | . . . . . . . . . . . . . Recycling Units . | . . . . . . . . . . . . . Scanalyzers 2 | . . . 1 . . . 1 . . . . . Garrison Access . | . . . . . . . . . . . . . Total Hacks 77 | . 6 . 15 4 1 . 16 7 . . 28 . Successful 52 | . 2 . 8 1 1 . 11 1 . . 28 . Failed 25 | . 4 . 7 3 . . 5 6 . . . . Catastrophic 4 | . . . 1 . . . 1 2 . . . . Database Lockouts . | . . . . . . . . . . . . . Manual 29 | . 6 . 9 4 1 . 7 2 . . . . Terminals 38 | . 6 . 14 4 . . 7 7 . . . . Fabricators . | . . . . . . . . . . . . . Repair Stations . | . . . . . . . . . . . . . Recycling Units . | . . . . . . . . . . . . . Scanalyzers 10 | . . . 1 . . . 9 . . . . . Garrison Access . | . . . . . . . . . . . . . Terminal Hacks 34 | . . . 3 1 1 . . 1 . . 28 . Record 11 | . . . . . . . . . . . 11 . Part Schematic 7 | . . . . . . . . . . . 7 . Robot Schematic 7 | . . . . . . . . . . . 7 . Robot Analysis 2 | . . . 2 . . . . . . . . . Prototype ID Bank 5 | . . . 1 . . . . 1 . . 3 . Unreport Threat 1 | . . . . 1 . . . . . . . . EX-Prototype ID Bank 1 | . . . . . 1 . . . . . . . Fabricator Hacks . | . . . . . . . . . . . . . Repair Station Hacks . | . . . . . . . . . . . . . Recycling Unit Hacks . | . . . . . . . . . . . . . Scanalyzer 9 | . . . 1 . . . 8 . . . . . Insert Component 5 | . . . 1 . . . 4 . . . . . Analyze 4 | . . . . . . . 4 . . . . . Garrison Access Hacks . | . . . . . . . . . . . . . Unauthorized Hacks 9 | . 2 . 4 . . . 3 . . . . . Terminals 9 | . 2 . 4 . . . 3 . . . . . Track 1 | . . . 1 . . . . . . . . . Botnet 8 | . 2 . 3 . . . 3 . . . . . Fabricators . | . . . . . . . . . . . . . Repair Stations . | . . . . . . . . . . . . . Recycling Units . | . . . . . . . . . . . . . Scanalyzers . | . . . . . . . . . . . . . Garrison Access . | . . . . . . . . . . . . . Data Cores Recovered 1 | . . . . . . . . 1 . . . . Used . | . . . . . . . . . . . . . Hacking Detections 17 | . 3 . 5 1 . . 4 4 . . . . Full Trace Events . | . . . . . . . . . . . . . Feedback Events . | . . . . . . . . . . . . . Feedback Blocked . | . . . . . . . . . . . . . Robot Schematics Acquired 7 | . . . . . . . . . . . 7 . Robots Built . | . . . . . . . . . . . . . Matter . | . . . . . . . . . . . . . Time . | . . . . . . . . . . . . . Total Robot Build Rating . | . . . . . . . . . . . . . Part Schematics Acquired 11 | . . . . . . . 4 . . . 7 . Parts Built . | . . . . . . . . . . . . . Matter . | . . . . . . . . . . . . . Time . | . . . . . . . . . . . . . Total Part Build Rating . | . . . . . . . . . . . . . Parts Repaired . | . . . . . . . . . . . . . Time . | . . . . . . . . . . . . . Parts Recycled . | . . . . . . . . . . . . . Recycled Matter . | . . . . . . . . . . . . . Retrieved Matter . | . . . . . . . . . . . . . Retrieved Components . | . . . . . . . . . . . . . Parts Scanalyzed 4 | . . . . . . . 4 . . . . . Part Schematics Acquired 4 | . . . . . . . 4 . . . . . Parts Damaged . | . . . . . . . . . . . . . Bothacking | -11 -10 -10 -9 -9 -9 -8 -8 -7 -7 -7 -7 -6 ------------ Run | Scr Mat Min Mat Min Exi Min Mat Fac Low Low Dat Pro Used RIF Installer . | . . . . . . . . . . . . . Robots Hacked . | . . . . . . . . . . . . . Non-combat . | . . . . . . . . . . . . . Combat . | . . . . . . . . . . . . . Robot Hacks Applied . | . . . . . . . . . . . . . Relay Couplers Released . | . . . . . . . . . . . . . Robots Rewired . | . . . . . . . . . . . . . Allies Hacked . | . . . . . . . . . . . . . Hacks Repelled . | . . . . . . . . . . . . . Allies | -11 -10 -10 -9 -9 -9 -8 -8 -7 -7 -7 -7 -6 -------- Run | Scr Mat Min Mat Min Exi Min Mat Fac Low Low Dat Pro Total Allies 7 | . . 3 . 3 . . . . . . . 1 Largest Group 3 | . . 3 . 2 . . . . . . . 1 Highest-Rated Group 94 | . . 40 . 62 . . . . . . . 94 Highest-Rated Ally 94 | . . 16 . 31 . . . . . . . 94 Total Orders . | . . . . . . . . . . . . . Ally Attacks 28 | . . 10 . 9 . . . . . . . 9 Total Damage 707 | . . 98 . 164 . . . . . . . 445 Kills 3 | . . . . 3 . . . . . . . . Allies Corrupted . | . . . . . . . . . . . . . Allies Melted . | . . . . . . . . . . . . . Intel | -11 -10 -10 -9 -9 -9 -8 -8 -7 -7 -7 -7 -6 ------- Run | Scr Mat Min Mat Min Exi Min Mat Fac Low Low Dat Pro Robot Analysis Total 2 | . . . 2 . . . . . . . . . Derelict Logs Recovered 4 | . . 1 . 2 . . . . . . . 1 Drone Launches . | . . . . . . . . . . . . . Drone Recoveries . | . . . . . . . . . . . . . Exploration | -11 -10 -10 -9 -9 -9 -8 -8 -7 -7 -7 -7 -6 ------------- Run | Scr Mat Min Mat Min Exi Min Mat Fac Low Low Dat Pro Turns Passed 9174 | 80 1248 642 742 1062 730 94 2236 761 589 129 375 486 Spaces Moved 4334 | 42 585 334 328 521 362 44 1007 382 279 72 165 213 Core 2 | 1 . . . . . . . . . . . 1 Treads 4332 | 41 585 334 328 521 362 44 1007 382 279 72 165 212 Legs . | . . . . . . . . . . . . . Wheels . | . . . . . . . . . . . . . Hover . | . . . . . . . . . . . . . Flight . | . . . . . . . . . . . . . Fastest Speed 50 | 50 160 180 180 180 200 200 180 180 180 180 180 180 Average Speed 181 | 157 170 180 180 183 200 200 180 180 180 180 180 188 Slowest Speed 2050 | 160 180 180 220 200 200 200 180 180 180 180 180 2050 Overloaded Moves . | . . . . . . . . . . . . . Propulsion Burnouts . | . . . . . . . . . . . . . Robots Hopped . | . . . . . . . . . . . . . Cave-ins Triggered . | . . . . . . . . . . . . . Exploration Rate (%) 43 | 5 66 72 30 90 69 8 53 8 35 18 74 33 Regions Visited 12 Branch Regions 8 Pre-discovered Areas 3 | . . . . 2 . . . . . . 1 . Known Exits Taken 6 | . . . . . . 1 1 1 1 1 1 . Unknown Exits Taken 6 | 1 1 1 1 1 1 . . . . . . . Scrap Searched 9 | . . 2 . 3 . 1 . . . 1 . 2 Spaces Dug 17 | . . . . . . . 16 1 . . . . Terrain Destroyed 31 | . . . . . . . 16 1 13 . . 1 Melee 17 | . . . . . . . 16 1 . . . . Projectile 1 | . . . . . . . . . . . . 1 AOE 13 | . . . . . . . . . 13 . . . Actions | -11 -10 -10 -9 -9 -9 -8 -8 -7 -7 -7 -7 -6 --------- Run | Scr Mat Min Mat Min Exi Min Mat Fac Low Low Dat Pro Total 5249 | 53 731 359 416 586 371 50 1346 442 321 72 243 259 Wait 394 | . 7 13 21 21 4 4 210 33 1 . 79 1 Move 4323 | 41 584 333 327 520 361 44 1006 381 278 71 164 213 Hop . | . . . . . . . . . . . . . Pick Up 95 | 6 32 2 8 9 5 1 18 2 5 1 . 6 Fast Attach 24 | 6 3 . 2 2 . . 9 1 . . . 1 Attach 31 | . 4 . 5 2 . . 4 2 1 . . 13 Detach 7 | . 2 . 1 2 . . . 1 . . . 1 Swap 48 | . 6 . 6 2 . . 18 9 6 . . 1 Drop 83 | . 25 2 12 6 1 1 26 3 6 . . 1 Fire 219 | . 62 9 34 22 . . 37 9 24 . . 22 Melee 17 | . . . . . . . 16 1 . . . . Ram . | . . . . . . . . . . . . . Kick . | . . . . . . . . . . . . . Crush 8 | . 6 . . . . . 2 . . . . . Escape Stasis . | . . . . . . . . . . . . . Rewire . | . . . . . . . . . . . . . Trap . | . . . . . . . . . . . . . Miscellaneous . | . . . . . . . . . . . . . Route ------- -11/Scrapyard -10/Materials (discovered 3 exits: *Mat x2 / [*Min]) -10/Mines -9/Materials (discovered 2 exits: Mat / *Min) -9/Mines (discovered 2 exits: *Mat / *Exi) -9/Exiles -8/Mines -8/Materials -7/Factory -7/Lower Caves -7/Lower Caves -7/Data Miner -6/Proximity Caves History --------- Turn | Location | Event 39 | -11/Scrapyard | Discovered new exit (range 15) 81 | -11/Scrapyard | Entered Materials 310 | -10/Materials | Build established: Mutant 315 | -10/Materials | Discovered new exit (range 12) 850 | -10/Materials | Discovered new exit (range 5) 995 | -10/Materials | Build established: Hauler-Mutant 1280 | -10/Materials | Discovered new exit (range 16) 1329 | -10/Materials | Entered Mines 1351 | -10/Mines | Met a Derelict bent on vengeance 1652 | -10/Mines | Assembled infested the area 1717 | -10/Mines | Assisted by bots powering up and referring to "LRC-V3" 1784 | -10/Mines | Learned location of 1 exit from Materials 1958 | -10/Mines | Discovered new exit (range 6) 1971 | -10/Mines | Entered Materials 1971 | -9/Materials | Evolved 2 slots: Utility x2 1972 | -9/Materials | Identified exit to Materials 2639 | -9/Materials | Discovered new exit (range 16) 2713 | -9/Materials | Entered Mines 2773 | -9/Mines | Learned location of Storage (-9) 2855 | -9/Mines | Discovered exit to Materials (range 16) 3071 | -9/Mines | Received a Mining Laser from a helpful Derelict 3146 | -9/Mines | Learned location of Zion (-6) 3344 | -9/Mines | Deemed a non-threat by the Exiles lab entrance 3346 | -9/Mines | Discovered new exit (range 5) 3775 | -9/Mines | Entered Exiles 3823 | -9/Exiles | Met 8R-AWN 3857 | -9/Exiles | Met EX-HEX 3913 | -9/Exiles | Met EX-BIN 3937 | -9/Exiles | Aligned with FarCom system 3939 | -9/Exiles | Given EX-Vault access code 4041 | -9/Exiles | Opened EX-Vault 4057 | -9/Exiles | Found Superbattery 4076 | -9/Exiles | Found Chronowheel 4089 | -9/Exiles | Found Trap Reconfigurator 4136 | -9/Exiles | Warned to stay clear of 0b10 Research branches 4196 | -9/Exiles | Met EX-DEC 4485 | -9/Exiles | Discovered new exit (range 12) 4505 | -9/Exiles | Stole three prototypes: Superbattery, Trap Reconfigurator, Chronowheel 4505 | -9/Exiles | Entered Mines 4575 | -8/Mines | Discovered exit to Materials (range 6) 4599 | -8/Mines | Entered Materials 4599 | -8/Materials | Evolved 2 slots: Propulsion x1, Utility x1 4952 | -8/Materials | Garrison activated, responded to threat 5121 | -8/Materials | Garrison activated, responded to threat 6814 | -8/Materials | Discovered new exit (range 8) 6835 | -8/Materials | Identified exit to Factory 6835 | -8/Materials | Entered Factory 6835 | -7/Factory | Evolved 2 slots: Utility x2 6837 | -7/Factory | FarCom data flow suspended 7278 | -7/Factory | Discovered new exit (range 19) 7473 | -7/Factory | Identified exit to Lower Caves 7596 | -7/Factory | Entered Lower Caves 7803 | -7/Lower Caves | Spotted GR-EDY(f) 7804 | -7/Lower Caves | Encountered a Master Thief 7804 | -7/Lower Caves | Trap Reconfigurator stolen by Master Thief 7892 | -7/Lower Caves | Spotted IY-TF0(f) 7893 | -7/Lower Caves | Encountered a Master Thief 7894 | -7/Lower Caves | Chronowheel stolen by Master Thief 7895 | -7/Lower Caves | Spotted ZL-NHH(f) 7896 | -7/Lower Caves | Encountered a Master Thief 7909 | -7/Lower Caves | Destroyed ZL-NHH(f) 7971 | -7/Lower Caves | Attacked by a delusional Derelict stockpiling parts 8071 | -7/Lower Caves | Spotted EF-2IN(f) 8073 | -7/Lower Caves | Encountered a Master Thief 8073 | -7/Lower Caves | Spotted M3-1H9(f) 8074 | -7/Lower Caves | Encountered a Master Thief 8078 | -7/Lower Caves | Master Tearclaws stolen by Master Thief 8085 | -7/Lower Caves | Imp. Deuterium Engine stolen by Master Thief 8152 | -7/Lower Caves | Discovered new exit (range 16) 8184 | -7/Lower Caves | Identified exit to Lower Caves 8185 | -7/Lower Caves | Entered another Lower Caves area 8272 | -7/Lower Caves | Discovered new exit (range 8) 8280 | -7/Lower Caves | Encountered a Warlord checkpoint 8283 | -7/Lower Caves | Identified exit to Data Miner 8314 | -7/Lower Caves | Entered Data Miner 8314 | -7/Data Miner | Discovered new exit (range 7) 8349 | -7/Data Miner | Met Data Miner 8566 | -7/Data Miner | Received God Mode back door access code from Data Miner 8581 | -7/Data Miner | Learned location of Section 7 (-3) 8581 | -7/Data Miner | Acquired the access code to Warlord's prototype stash 8680 | -7/Data Miner | Identified exit to Proximity Caves 8689 | -7/Data Miner | Entered Proximity Caves 8700 | -6/Proximity Caves | Learned Factory garrison access intel 8858 | -6/Proximity Caves | Spotted B-75 Beast 8860 | -6/Proximity Caves | Escorted by Enhanced Grunt 8920 | -6/Proximity Caves | Destroyed B-75 Beast 8951 | -6/Proximity Caves | Lost 3 parts (3w) 9002 | -6/Proximity Caves | Spotted 29-P3Y(f) 9003 | -6/Proximity Caves | Encountered a Master Thief 9004 | -6/Proximity Caves | Superbattery stolen by Master Thief 9134 | -6/Proximity Caves | System corruption reached 10% 9163 | -6/Proximity Caves | Core integrity fell below 50% 9172 | -6/Proximity Caves | Core integrity fell below 20% 9175 | -6/Proximity Caves | Destroyed by H-66 Slayer with Gauss Rifle Last Messages --------------- 09156_ Penetrated by Slug. 09156_ Hvy. EM Shotgun destroyed. 09156_ G-50 Soldier IFF system glitched. 09158_ Imp. Cooling System destroyed. 09159_ H-66 Slayer suffers critical hit. 09159_ Slug penetrates Wall. 09161_ Antimatter Reactor destroyed. 09162_ Mak. Armor Plating destroyed. 09162_ Penetrated by Slug. 09163_ G-50 Soldier IFF system glitched. 09166_ Enh. Flexi-carbon Leg destroyed. 09169_ Penetrated by Slug. 09169_ Mak. Armor Plating destroyed. 09169_ Signal Interpreter destroyed. 09171_ G-50 Soldier heat spikes uncontrollably. 09172_ H-66 Slayer misfires. 09172_ Slug penetrates Wall. 09172_ G-50 Soldier overheating. 09175_ G-50 Soldier heat damages Carbon-fiber Leg. 09175_ Penetrated by Slug. Map ----- +----------------------------------------------------+ | ?#????? ??????????????????????????????????????? | | ? ?#####? ??##?????#? ?????????????????????????? | | ? ? ###??? ????? ?????? ??????????????????????? | | ###? ? ?????? ?? ? ??#??????????????????? | | ##### ????????????#??? ?#????????????????? | | ? #?## ? ? ?#? ???#?????????#?#????????????? | | ?## ###?## ? ? #?#?? ??? ??#????????????????? | | #?# ##### ?? ? ? ##????? ?????????#???????????? | | ## ###### ? #?? #????#???? ?##?#??#??????????? | | # ####### ### ??###?##?? ####?????????????? | | # #?####### ####???#?###?## ####?????????????? | | #########??####? ??#?#?#?#? ???#?????????? | | ######?####?### ??#?????#?# ?#?#?????????? | | ############# #??#####?# ? ??#??????????? | | #####??###?? ?? #### ##?? ? ??#?##??#?????? | | ######### ?? ### ?? ?###????#??????? | | ########## ? ? #????#???????? ?????? | | ## ##########?####?# ###? #??????????????? | | ####### ########????# g ## #??????????????? | | # ############ #?????#????????? | | # ### ##?#?? ???????? | | " ### ### #### #?#? ??????#????? | | " ### # ### #### #??# #######??? ????? ???? | | #### # # ### #?## gg##????????????????????? | | ##### # ## ### *###????#?????##?##????? | | ####### # #### @%=#?# ?????##??#?# ???? | | ## ######## =h= ?? ?#??#???????? | | ####?#### gs ! s #????#?????? | | ###### ########## s gs#### #??#???????? | | ######### # ########?## #??#? #???? ????? | | ########## ###?#?##?### #?#?????? #??????????? | | ################?#?##?### ??? ????????? ?????? | | #############?#########?## ?????# ?????? ? ????? | | ################?##???#?# ##??## ?????????????? | | ### ###?########???###?# ?????? #???????????? | | ## #########??###??### ???#??#?##????????? | | #####?#######?#?? % ???#????#?????????? | | ##########?###?#?? ??????????????????? | | ### ########?? ? #?????#??????????? | | # ## ###??#?? ??? ?????????#?????????? | | # ##?#???#?? ??? ????????????????????? | | ## #?#?##??? ????? ?????????????????? | | ##### #?#? ?????#?????????????????????? | | ##### ####? ?????#??#??????????????????? | | ###??# ###???????##??????????????????????? | | ####?#### ##??#??????????????????????????????? | | ?####???### ###?#???????????????????????????????? | | #####?#??#?######???#????????????????????????????? | | ###??##?####?#???####???#????????????????????????? | | ?#?#?###??#?????#?#??#????#??????????????????????? | +----------------------------------------------------+ Best States ------------- Heat Dissipation 61 Energy Generation 21 Energy Capacity 325 Matter Stores 300 Matter Capacity 300 Sight Range 16 Terrain Scan Range 20 Terrain Scan Density 110 Armor Coverage 250 Resistance: TH 10 Evasion (%) 40 Targeting Accuracy 5 Armor Integrity Analysis 33 Recoil Reduction 3 Defensive Hacking 10 Item Schematics ----------------- Adv. Terrain Scanner | -8/Materials | Scanalyzed Hvy. Particle Gun | -8/Materials | Scanalyzed Mni. Grenade Launcher | -8/Materials | Scanalyzed Mak. Armor Plating | -8/Materials | Scanalyzed Combat Drone Bay | -7/Data Miner | Free Lgt. Regenerative Plating | -7/Data Miner | Free Cmb. Gravmag System | -7/Data Miner | Free Triangulator | -7/Data Miner | Free Exp. Targeting Computer | -7/Data Miner | Free Tactical Coordination Suite | -7/Data Miner | Free Mni. Smartbomb Launcher | -7/Data Miner | Free Robot Schematics ------------------ S-27 Virus | -7/Data Miner | Free G-50 Soldier | -7/Data Miner | Free G-67 Veteran | -7/Data Miner | Free L-41 Fighter | -7/Data Miner | Free X-72 Disruptor | -7/Data Miner | Free H-66 Slayer | -7/Data Miner | Free I-36 Angel | -7/Data Miner | Free Fabricated ------------ Nothing Alien Tech Used ----------------- None Achievements -------------- None Challenges ------------ None Game ------ Seed SniperHardlightSpear Manual? 0 Play Time 01:25:54 Cumulative 159.9 hours Start 2020.06.26 @ 04:31:06 End 2020.06.26 @ 21:40:24 Sessions 3 Manual Loads 0 Difficulty Rogue Special Mode None Game No. 88 Rogue 86 Adventurer 1 Explorer 1 Win Type - Total 2 Types 2/0/0/0/0/0/0 Lore% 59 Gallery% 71 Achievement% 53 Wizard Run 0 Options --------- ASCII 0 Keyboard 1 Movement Numpad Keybinds 0 Fullscreen 2 Font 24/Terminus Map View 76x50 Tactical HUD 1 Map Filters NONE Filters NONE Steam 1 RUN: a3e124be-e845-4347-a4c2-6ce99cf9a3a0